 Dungeon Crawl Stone Soup version 0.27.1-4-g1640c2035a (webtiles) character file.

Game seed: 11650462744420594208

98538 iamoutofideas the Eclecticist (level 15, -16/98 HPs)
             Began as a Deep Elf Fire Elementalist on Nov 3, 2021.
             Was a High Priest of Vehumet.
             Demolished by a wolf spider (21 damage)
             ... on level 4 of the Lair of Beasts on Nov 4, 2021.
             The game lasted 01:29:42 (39625 turns).

iamoutofideas the Eclecticist (DEFE)               Turns: 39625, Time: 01:29:42

Health: -16/98     AC: 36    Str:  5    XL:     15   Next: 75%
Magic:  23/38      EV: 14    Int: 25    God:    Vehumet [*****.]
Gold:   493        SH:  6    Dex: 13    Spells: 1/49 levels left

rFire    . . .     SeeInvis .   f - +3 whip (elec)
rCold    + . .     Faith    .   R - +1 buckler {rC+}
rNeg     + + .     Spirit   .   (armour currently unavailable)
rPois    ∞         Reflect  .   (no helmet)
rElec    +         Harm     .   B - +2 cloak {rPois}
rCorr    .         Rampage  .   (gloves currently unavailable)
Will     +....                  (boots currently unavailable)
Stlth    +++.......             (no amulet)
HPRegen  0.26/turn              I - ring of positive energy
MPRegen  0.26/turn              H - +4 ring of protection

@: statue-form, very slow
A: slow and powerful, torment resistance 1, boosted hp, (iridescent scales 1),
clumsy 1, dopey 1, mutation resistance 1, wild magic 1
a: End Transformation, Renounce Religion


You were on level 4 of the Lair of Beasts.
You worshipped Vehumet.
Vehumet was extremely pleased with you.
You were a living statue of rough stone.
You visited 4 branches of the dungeon, and saw 23 of its levels.
You also visited: Ice Cave.

You collected 1345 gold pieces.
You spent 852 gold pieces at shops.

Inventory:

Hand Weapons
 d - a +0 vampiric war axe
 f - a +3 whip of electrocution (weapon)
 F - the +7 spear of the Imperium {distort, rPois rF+}
   (You found it on level 9 of the Dungeon)

   It warps and distorts space around it, and may blink, banish, or inflict
   extra damage upon those it strikes.
   Unwielding it can cause banishment or high damage.
   rF:        It protects you from fire.
   rPois:     It protects you from poison.
Missiles
 h - 4 throwing nets
 r - 19 curare-tipped darts
Armour
 a - the +0 pair of boots "Huupn" {Rampage Dex+3}
   (You found it on level 1 of the Lair of Beasts)

   Dex:       It affects your dexterity (+3).
   Rampage:   It bestows one free step when moving towards enemies.
 t - a +1 pair of boots
 v - the +1 robe of Greed {-Tele rF+ Str+2 Dex+3}
   (You found it on level 11 of the Dungeon)

   Str:       It affects your strength (+2).
   Dex:       It affects your dexterity (+3).
   rF:        It protects you from fire.
   -Tele:     It prevents most forms of teleportation.
 A - the +0 pair of boots "Aqiniar" (melded) {SInv}
   (You found it on level 3 of the Lair of Beasts)

   SInv:      It lets you see invisible.
 B - a +2 cloak of poison resistance (worn)
 K - a +0 pair of gloves (melded)
 M - a +2 troll leather armour (melded)
 R - a +1 buckler of cold resistance (worn)
 S - a +0 robe of resistance
Magical Staves
 P - a staff of earth
 U - a staff of conjuration
Jewellery
 m - a ring of positive energy
 H - a +4 ring of protection (right fist)
 I - a ring of positive energy (left fist)
 O - a ring of ice
 V - a ring of protection from cold
Wands
 g - a wand of polymorph (27)
 p - a wand of flame (99)
 y - a wand of iceblast (38)
 C - a wand of digging (14)
 E - a wand of mindburst (15)
Scrolls
 b - 4 scrolls of identify
 e - 11 scrolls of teleportation
 j - 3 scrolls of fear
 l - 2 scrolls of torment
 n - 2 scrolls of fog
 Q - 5 scrolls of magic mapping
 T - a scroll of immolation
 Z - a scroll of brand weapon
Potions
 c - 8 potions of flight
 i - 4 potions of heal wounds
 k - a potion of haste
 o - 3 potions of brilliance
 q - 2 potions of berserk rage
 u - a potion of invisibility
 w - 3 potions of magic
 x - 2 potions of ambrosia
 z - 4 potions of might
 G - 4 potions of lignification
 J - 6 potions of curing
 L - a potion of mutation
 W - a potion of cancellation


   Skills:
 - Level 2.7 Fighting
 - Level 0.1 Maces & Flails
 - Level 4.1 Armour
 - Level 6.1 Dodging
 - Level 4.7 Stealth
 - Level 4.0 Shields
 + Level 17.8 Spellcasting
 - Level 13.3 Conjurations
 - Level 0.1 Translocations
 + Level 11.2 Transmutations
 - Level 13.8 Fire Magic
 - Level 1.5 Ice Magic
 - Level 1.3 Air Magic
 + Level 11.1 Earth Magic
 - Level 1.7 Evocations


You had one spell level left.
You knew the following spells:

 Your Spells              Type           Power      Damage    Failure   Level
a - Foxfire               Conj/Fire      100%       2x1d9     1%          1
b - Conjure Flame         Conj/Fire      87%        6-21      1%          3
c - Sticky Flame          Conj/Fire      87%        2d10      1%          4
d - Fireball              Conj/Fire      43%        3d17      1%          5
e - Freezing Cloud        Conj/Ice/Air   29%        6-21      3%          5
f - Statue Form           Tmut/Erth      53%        N/A       6%          6
g - Orb of Destruction    Conj           43%        9d14      3%          7
h - Stone Arrow           Conj/Erth      100%       3d13      1%          3
i - Teleport Other        Tloc           30%        N/A       10%         3
j - Blink                 Tloc           N/A        N/A       5%          2
k - Iron Shot             Conj/Erth      41%        9d8       1%          6
l - Vampiric Draining     Necr           14%        2d8       11%         3

Your spell library contained the following spells:

 Spells                   Type           Power      Damage    Failure   Level
 Irradiate                Conj/Tmut      41%        3d27      1%          5
 Freeze                   Ice            100%       1d11      1%          1
 Animate Skeleton         Necr           58%        N/A       4%          1
 Pain                     Necr           100%       1d9       4%          1
 Poisonous Vapours        Pois/Air       66%        N/A       1%          2
 Ignite Poison            Fire/Tmut/Pois 70%        N/A       1%          3
 Inner Flame              Hex/Fire       65%        N/A       1%          3
 Hailstorm                Conj/Ice       67%        3d14      1%          4
 Petrify                  Tmut/Erth      80%        N/A       1%          4
 Blade Hands              Tmut           40%        N/A       1%          5
 Bolt of Magma            Conj/Fire/Erth 42%        4d18      1%          5
 Ice Form                 Ice/Tmut       63%        N/A       3%          4
 Corpse Rot               Necr/Air       N/A        N/A       4%          2
 Leda's Liquefaction      Hex/Erth       30%        N/A       4%          4
 Gell's Gravitas          Tloc           15%        N/A       10%         3
 Call Canine Familiar     Summ           29%        N/A       11%         3
 Animate Dead             Necr           14%        N/A       30%         4
 Metabolic Englaciation   Hex/Ice        16%        N/A       50%         5
 Manifold Assault         Tloc           30%        N/A       58%         5
 Storm Form               Tmut/Air       31%        N/A       86%         7
 Simulacrum               Ice/Necr       16%        N/A       96%         6
 Dispersal                Tloc           15%        N/A       98%         6
 Haunt                    Necr/Summ      14%        N/A       100%        7
 Infestation              Necr           14%        N/A       100%        8
 Necromutation            Tmut/Necr      30%        N/A       100%        8


Dungeon Overview and Level Annotations

Branches:
Dungeon (15/15)            Temple (1/1) D:5            Lair (6/6) D:11
  Swamp (0/4) Lair:2       Spider (1/4) Lair:4        Slime (0/5) Lair:6
    Orc (0/2) D:12         Vaults (0/5) D:14         Depths (0/5) D:15
  IceCv (visited)

Altars:
Ashenzari
Cheibriados
Dithmenos
Elyvilon
Fedhas
Gozag
Hepliaklqana
Kikubaaqudgha
Makhleb
Nemelex Xobeh
Okawaru
Qazlal
Ru
Sif Muna
Trog
Uskayaw
Vehumet
Wu Jian
Xom
Yredelemnul
Zin
The Shining One
Jiyva

Shops:
D:2 ?   D:10 !(

Annotations:
D:2 exclusion: downstairs
D:5 exclusion: downstairs
D:10 exclusion: downstairs
D:11 exclusion: downstairs
D:12 exclusion: 2 downstairs
D:13 exclusion: 2 downstairs
D:14 exclusion: downstairs
Lair:2 exclusion: downstairs
Lair:3 exclusion: downstairs


Innate Abilities, Weirdness & Mutations

You are a living statue of rough stone.
Your actions are slow, but your melee attacks are powerful.
You are resistant to unholy torment.
Your maximum health is greatly increased.
You are immune to poison.
Your equipment is partially melded.
((You are partially covered in iridescent scales. (AC +2)))
You are clumsy. (Dex -2)
You are dopey. (Int -2)
You are somewhat resistant to further mutation.
Your spells are a little harder to cast, but a little more powerful.


Message History

Vehumet accepts your kill.
You feel your power returning.
You climb upwards.
Welcome back to the Lair of Beasts!
There is a hole to the Spider Nest, spattered with blood here.
Unknown command.
Casting: Iron Shot (dangerous; 1% risk of failure)
Confirm with . or Enter, or press ? or * to list all spells.
You don't know that spell.
You can't see any enemies this would affect, really read the scroll of fear?
Okay, then.
Casting: Iron Shot (dangerous; 1% risk of failure)
Confirm with . or Enter, or press ? or * to list all spells.
Okay, then.
Casting: Iron Shot (dangerous; 1% risk of failure)
Confirm with . or Enter, or press ? or * to list all spells.
You blink.
The wolf spider hits you but does no damage.
The wolf spider bites you.
* * * LOW HITPOINT WARNING * * *
The wolf spider hits you but does no damage.
The wolf spider barely misses you.
Casting: Blink (safe; 5% risk of failure)
Confirm with . or Enter, or press ? or * to list all spells.
Okay, then.
Casting: Blink (safe; 5% risk of failure)
Confirm with . or Enter, or press ? or * to list all spells.
Okay, then.
Casting: Blink (safe; 5% risk of failure)
Confirm with . or Enter, or press ? or * to list all spells.
Aiming: Stone Arrow (safe; 1% risk of failure)
Press: ? - help, Shift-Dir - straight line, f - wolf spider
Aim: a wolf spider (almost dead, berserk, 78% to hit)
The stone arrow hits the wolf spider!
You kill the wolf spider!
Vehumet accepts your kill. The wolf spider hits you!!
* * * LOW HITPOINT WARNING * * *
The wolf spider bites you but does no damage.
The wolf spider hits you!!
You die...

###............# #P.........###
#..............# ##...#.....)##P
...............## #...........##.
...........##^..###....#.....##..
............##..^###.........#...
.............#^....#.............
.............##.^.^##............
.....#........#^..^.##...........
.......###....##8s...#....P......
...###P# ##....##..§.#(..P.......
.### ### ##....##...#...........
.# #P.....###.#........... ##
#####....###........... #
#................... #
##...............#.#
##.............###.
##.............##.#


You could see a wolf spider (berserk).

Vanquished Creatures
  Rupert (Lair:4)
  An emperor scorpion (Lair:4)
  An ettin (D:15)
  A fire dragon (Lair:6)
  Fannar (D:11)
  8 hydras
  A boulder beetle (D:14)
  2 catoblepae
  4 centaur warriors
  Harold (Lair:2)
  2 two-headed ogres
  3 tengu warriors
  Sonja (Lair:2)
  Nergalle (Lair:4)
  A shadow wraith (D:14)
  2 wizards
  2 bog bodies (Lair:2)
  3 deep trolls (D:15)
  2 necromancers
  Pikel (D:6)
  A lindwurm (Lair:6)
  3 deep elf pyromancers
  3 wolf spiders
  4 oklob plants (Lair:5)
  14 ugly things
  2 cyclopes
  A moth of wrath (shapeshifter) (D:14)
  5 manticores
  3 elephants (Lair:6)
  Maurice (D:8)
  A salamander (shapeshifter) (D:15)
  2 moths of wrath (Spider:1)
  An ice statue (IceCv)
  10 black mambas
  3 molten gargoyles (Lair:6)
  2 centaur zombies
  17 cane toads
  An unseen horror (D:11)
  14 komodo dragons
  4 freezing wraiths
  4 kobold demonologists
  2 efreet
  2 rime drakes
  An anaconda simulacrum (IceCv)
  A tengu conjurer (D:13)
  12 ice devils (IceCv)
  A hornet (D:9)
  5 trolls
  2 polar bears
  Grinder (D:4)
  Prince Ribbit (D:8)
  11 dream sheep
  A meliai zombie (D:11)
  6 slime creatures
  11 blink frogs
  7 redbacks
  3 shadows
  4 dire elephant simulacra (IceCv)
  16 wyverns
  Eustachio (D:4)
  A centaur simulacrum (D:14)
  A tarantella (Lair:4)
  3 wraiths
  5 water elementals
  42 yaks
  A human (shapeshifter) (D:13)
  11 basilisks
  3 steam dragons
  9 death yak simulacra
  4 swamp worms (Lair:2)
  Grum (D:8)
  4 vampire mosquitoes
  2 harpy simulacra (IceCv)
  24 water moccasins
  A black bear (Lair:5)
  4 hell hounds (Lair:6)
  A swamp drake (D:11)
  6 orc warriors
  6 ice beasts
  2 ogres (D:6)
  A sky beast (D:6)
  A necrophage (D:3)
  51 wolves
  13 centaurs
  3 lemures (D:6)
  10 kobold brigands
  11 bullfrogs
  A gnoll sergeant (D:12)
  A two-headed ogre simulacrum (IceCv)
  6 cane toad simulacra
  A wyvern skeleton (D:7)
  2 elephant simulacra (IceCv)
  9 killer bees
  9 howler monkeys
  6 electric eels
  5 lava snakes (Lair:6)
  2 hounds
  3 jellies
  A centaur skeleton (D:7)
  3 bullfrog skeletons
  13 orc priests
  Jessica (D:3)
  9 orc wizards
  Natasha (thrice) (D:4)
  4 iguanas
  2 spriggan simulacra (D:13)
  A wolf simulacrum (IceCv)
  5 polar bear simulacra
  2 troll simulacra (D:13)
  A hound zombie (D:5)
  3 gnolls (D:12)
  6 adders
  A howler monkey skeleton (D:7)
  3 naga simulacra
  6 white imps
  3 worms
  A dart slug (D:3)
  51 orcs
  2 ball pythons (D:1)
  3 bats
  6 endoplasms
  2 giant cockroaches
  5 goblins
  5 hobgoblins
  4 jackals (D:3)
  14 kobolds
  4 quokkas
  2 frilled lizards (D:3)
  7 rats
  A bush (Lair:5)
663 creatures vanquished.

Vanquished Creatures (collateral kills)
  3 foxfires
3 creatures vanquished.

Vanquished Creatures (others)
  A cane toad (Lair:6)
  A bush (Lair:6)
  1153 foxfires
  50 fungi
  68 plants
1273 creatures vanquished.

Grand Total: 1939 creatures vanquished

Notes
Turn   | Place    | Note
-------+----------+-------------------------------------------
     0 | D:1      | iamoutofideas the Deep Elf Fire Elementalist began the
                  | quest for the Orb.
     0 | D:1      | Reached XP level 1. HP: 10/10 MP: 6/6
   350 | D:1      | Reached XP level 2. HP: 15/15 MP: 2/8
  1306 | D:2      | Found Egiurenu's Magic Scroll Shop.
  1311 | D:2      | Bought a scroll of teleportation for 39 gold pieces
  1311 | D:2      | Bought a scroll of identify for 26 gold pieces
  1527 | D:2      | Found a faded altar of an unknown god.
  1883 | D:2      | Reached XP level 3. HP: 11/19 MP: 6/10
  2015 | D:3      | Noticed a necrophage
  2039 | D:2      | Learned a level 3 spell: Conjure Flame
  2116 | D:3      | Noticed Jessica
  2125 | D:3      | Killed Jessica
  2126 | D:3      | Reached skill level 4 in Spellcasting
  2126 | D:3      | Reached XP level 4. HP: 24/24 MP: 0/12
  2582 | D:3      | Found a shimmering altar of Xom.
  3093 | D:3      | Learned a level 4 spell: Sticky Flame
  3352 | D:3      | Killed a necrophage
  3353 | D:3      | Reached skill level 5 in Spellcasting
  3353 | D:3      | Reached XP level 5. HP: 23/28 MP: 2/14
  3910 | D:4      | Learned a level 5 spell: Fireball
  4033 | D:4      | Noticed Eustachio
  4116 | D:4      | Killed Eustachio
  4117 | D:4      | Reached skill level 6 in Spellcasting
  4117 | D:4      | Reached skill level 5 in Fire Magic
  4117 | D:4      | Reached XP level 6. HP: 33/33 MP: 6/17
  4377 | D:4      | Noticed Grinder
  4389 | D:4      | Paralysed by Grinder for 3 turns
  4532 | D:4      | Noticed Natasha
  4540 | D:4      | Killed Natasha
  4946 | D:4      | Paralysed by Grinder for 5 turns
  4950 | D:4      | Killed Grinder
  4951 | D:4      | Reached skill level 7 in Spellcasting
  4951 | D:4      | Reached XP level 7. HP: 27/37 MP: 10/19
  5052 | D:5      | Entered Level 5 of the Dungeon
  5234 | D:4      | Noticed Natasha
  5239 | D:4      | Killed Natasha
  5327 | D:4      | Noticed Natasha
  5330 | D:4      | Killed Natasha
  6080 | D:5      | Found a staircase to the Ecumenical Temple.
  6103 | Temple   | Entered the Ecumenical Temple
  6191 | Temple   | Became a worshipper of Vehumet
  6255 | D:5      | Reached skill level 8 in Spellcasting
  6255 | D:5      | Reached XP level 8. HP: 42/42 MP: 11/22
  6629 | D:5      | Reached skill level 5 in Conjurations
  7068 | D:6      | Noticed Pikel
  7083 | D:6      | HP: 2/42 [centaur/arrow (3)]
  7618 | D:6      | Reached skill level 1 in Evocations
  7636 | D:6      | Reached skill level 9 in Spellcasting
  7730 | D:6      | Killed Pikel
  7731 | D:6      | Reached skill level 1 in Fighting
  7731 | D:6      | Reached XP level 9. HP: 47/47 MP: 12/24
  8332 | D:6      | Reached skill level 10 in Spellcasting
  8605 | D:7      | Reached skill level 1 in Shields
  9028 | D:7      | Reached * piety under Vehumet
  9028 | D:7      | Offered knowledge of Freeze by Vehumet.
  9333 | D:7      | Learned a level 1 spell: Freeze
  9700 | D:8      | Noticed Maurice
  9730 | D:8      | Killed Maurice
  9967 | D:8      | Reached skill level 1 in Armour
 10239 | D:8      | Noticed Prince Ribbit
 10256 | D:8      | Killed Prince Ribbit
 10257 | D:8      | Reached XP level 10. HP: 52/52 MP: 13/26
 10412 | D:8      | Noticed Grum
 10451 | D:8      | Killed Grum
 11255 | D:9      | Reached skill level 11 in Spellcasting
 11489 | D:9      | Learned a level 6 spell: Statue Form
 12087 | D:9      | Offered knowledge of Sandblast by Vehumet.
 12225 | D:9      | Reached ** piety under Vehumet
 12232 | D:9      | Identified the +7 spear of the Imperium {distort, rPois
                  | rF+}
 12910 | D:10     | Entered Level 10 of the Dungeon
 13208 | D:10     | Reached skill level 12 in Spellcasting
 13547 | D:10     | Found Pinnuiji's Weapon Shop.
 13627 | D:10     | Got the Incunabulum of Transmigration
 13761 | D:10     | Reached skill level 10 in Fire Magic
 13826 | D:10     | Found Adoytod's Distillery.
 13908 | D:10     | Bought a potion of haste for 150 gold pieces
 13908 | D:10     | Bought a potion of invisibility for 120 gold pieces
 13908 | D:10     | Bought 2 potions of curing for 90 gold pieces
 13908 | D:10     | Bought a potion of curing for 45 gold pieces
 13982 | D:11     | Reached XP level 11. HP: 56/56 MP: 17/29
 14021 | D:11     | Noticed a five-headed hydra
 14332 | D:11     | Identified the +1 robe of Greed {-Tele rF+ Str+2 Dex+3}
 14807 | D:11     | Noticed Fannar
 15176 | D:11     | Killed a five-headed hydra
 15177 | D:11     | Reached skill level 1 in Transmutations
 15177 | D:11     | Reached skill level 1 in Earth Magic
 15252 | D:11     | Killed Fannar
 15253 | D:11     | Reached skill level 5 in Dodging
 15256 | D:11     | Offered knowledge of Ignite Poison by Vehumet.
 15534 | D:11     | Learned a level 3 spell: Ignite Poison
 15554 | D:11     | Reached skill level 13 in Spellcasting
 15967 | D:11     | Found a staircase to the Lair.
 16898 | D:12     | Reached skill level 10 in Conjurations
 17138 | D:12     | Noticed a two-headed ogre
 17151 | D:11     | Reached *** piety under Vehumet
 17185 | D:11     | Killed a two-headed ogre
 17290 | D:12     | Reached XP level 12. HP: 60/62 MP: 14/31
 18012 | D:12     | Offered knowledge of Stone Arrow by Vehumet.
 18349 | D:12     | Learned a level 3 spell: Stone Arrow
 18353 | D:12     | Learned a level 3 spell: Teleport Other
 18560 | D:12     | Found a staircase to the Orcish Mines.
 19048 | D:13     | Found a frozen archway.
 19143 | D:13     | Noticed a centaur warrior
 19356 | IceCv    | Entered an ice cave
 19358 | IceCv    | Reached **** piety under Vehumet
 19377 | IceCv    | Offered knowledge of Hailstorm by Vehumet.
 19386 | IceCv    | Learned a level 4 spell: Hailstorm
 19656 | IceCv    | Reached skill level 14 in Spellcasting
 19859 | IceCv    | Reached skill level 5 in Earth Magic
 20064 | IceCv    | Reached skill level 5 in Transmutations
 20535 | IceCv    | Found an ancient bone altar of Kikubaaqudgha.
 21563 | Lair:1   | Entered Level 1 of the Lair of Beasts
 21843 | Lair:1   | Reached XP level 13. HP: 67/67 MP: 22/33
 21904 | Lair:1   | Reached ***** piety under Vehumet
 22042 | Lair:1   | Identified the +0 pair of boots "Huupn" {Rampage Dex+3}
 22400 | D:11     | Offered knowledge of Iron Shot by Vehumet.
 22408 | D:11     | Learned a level 6 spell: Iron Shot
 23480 | Lair:1   | Gained mutation: You are clumsy. (Dex -2) [potion of
                  | mutation]
 23480 | Lair:1   | Gained mutation: Your magical capacity is low. (-10% MP)
                  | [potion of mutation]
 23480 | Lair:1   | Gained mutation: You are very clumsy. (Dex -4) [potion of
                  | mutation]
 23481 | Lair:1   | Lost mutation: Your magical capacity is low. (-10% MP)
                  | [potion of mutation]
 23481 | Lair:1   | Lost mutation: You are very clumsy. (Dex -4) [potion of
                  | mutation]
 23481 | Lair:1   | Gained mutation: You are partially covered in iridescent
                  | scales. (AC +2) [potion of mutation]
 23481 | Lair:1   | Gained mutation: Your spells are a little harder to cast,
                  | but a little more powerful. [potion of mutation]
 23481 | Lair:1   | Gained mutation: You are dopey. (Int -2) [potion of
                  | mutation]
 23481 | Lair:1   | Gained mutation: You are somewhat resistant to further
                  | mutation. [potion of mutation]
 23938 | Lair:2   | Noticed Harold
 23941 | Lair:2   | Killed Harold
 23966 | Lair:2   | Reached skill level 15 in Spellcasting
 24987 | Lair:2   | Noticed Sonja
 24992 | Lair:2   | Killed Sonja
 25444 | Lair:2   | Found a staircase to the Swamp.
 25646 | Lair:3   | Offered knowledge of Starburst by Vehumet.
 25647 | Lair:3   | Identified the +0 pair of boots "Aqiniar" {SInv}
 26880 | Lair:4   | Noticed Rupert
 27043 | Lair:4   | Killed Rupert
 27340 | Lair:4   | Found a hole to the Spider Nest.
 27374 | Lair:4   | Reached XP level 14. HP: 72/72 MP: 30/35
 27761 | Lair:4   | Noticed Nergalle
 27778 | Lair:4   | Killed Nergalle
 28955 | D:10     | Bought a potion of curing for 45 gold pieces
 28955 | D:10     | Bought 2 potions of brilliance for 120 gold pieces
 28955 | D:10     | Bought a potion of mutation for 120 gold pieces
 29206 | D:2      | Bought a scroll of fog for 26 gold pieces
 29206 | D:2      | Bought a scroll of identify for 26 gold pieces
 29206 | D:2      | Bought a scroll of immolation for 45 gold pieces
 29593 | Lair:6   | Entered Level 6 of the Lair of Beasts
 29630 | Lair:5   | Reached skill level 16 in Spellcasting
 31571 | Lair:6   | Offered knowledge of Lightning Bolt by Vehumet.
 31583 | Lair:6   | Learned a level 5 spell: Freezing Cloud
 33090 | Lair:6   | Found a viscous altar of Jiyva.
 33090 | Lair:6   | Found a staircase to the Slime Pits.
 33311 | Lair:6   | Reached skill level 1 in Ice Magic
 33734 | Lair:6   | Offered knowledge of Orb of Destruction by Vehumet.
 34029 | Lair:6   | Found a large runed translucent door.
 34030 | Lair:6   | Found a large runed translucent door.
 34143 | Lair:6   | Reached skill level 1 in Air Magic
 34549 | Lair:6   | Got the Disquisition on Envenoming and Companions
 34941 | D:13     | Reached XP level 15. HP: 76/76 MP: 22/37
 35505 | D:13     | Reached skill level 17 in Spellcasting
 35991 | D:13     | Learned a level 7 spell: Orb of Destruction
 36499 | D:13     | Reached skill level 10 in Transmutations
 36835 | D:14     | Reached skill level 10 in Earth Magic
 37580 | D:14     | Found a gate to the Vaults.
 37650 | D:15     | Entered Level 15 of the Dungeon
 38131 | D:15     | Found a hide-covered altar of Uskayaw.
 38657 | D:15     | Offered knowledge of Irradiate by Vehumet.
 38734 | D:15     | Found a staircase to the Depths.
 39344 | Spider:1 | Entered Level 1 of the Spider Nest
 39460 | Lair:4   | Learned a level 2 spell: Blink
 39464 | Lair:4   | Learned a level 3 spell: Vampiric Draining
 39625 | Lair:4   | Demolished by a wolf spider

Illustrated notes

Levels and vault maps discovered:
D:1:      eino_arrival_tree_alley, layout_loops_ring
D:2:      layout_loops_ring, serial_shops, shop,
          hellmonk_ecumenical_altar_run_dry
D:3:      minmay_angry_zag, layout_basic, mainiacjoe_overflow_24_doors,
          chequers_serial_rivers_small_3, uniq_jessica
D:4:      layout_basic, uniq_eustachio, uniq_natasha, uniq_grinder
D:5:      layout_loops_ring, minmay_temple_entry_overgrown, patterned_corridor
D:6:      layout_cave_pools, uniq_pikel
D:7:      layout_loops_ring, serial_bayou_pond_a
D:8:      layout_loops_corners, minmay_misc_feat_enclosed, nrook_loot_triangle,
          uniq_maurice, uniq_prince_ribbit1, uniq_grum
D:9:      layout_grid_maze
D:10:     layout_basic, serial_shops, shop, shop, minmay_statues_item
D:11:     layout_long_grid, erik_lair_dragon, st_stairs_13, uniq_fannar
D:12:     layout_basic, erik_orc_2
D:13:     layout_gridville, portal_ice_cave_entry_ice_simulacra
D:14:     layout_rooms, david_vaults_4
D:15:     hangedman_depths_entry_civil_slaughter, layout_stronghold,
          serial_bayou, serial_bayou_pond_c, serial_bayou_shore_b,
          serial_bayou_pond_c, serial_bayou_pond_d,
          nicolae_uskayaw_murder_on_the_dancefloor
Temple:   grunt_wide_crystal_templ
Lair:1:   layout_regular_city
Lair:2:   layout_misc_corridors, nicolae_swamp_entry_splash_gauntlet,
          nicolae_quartered_pool_super, grunt_forest_large_clearings,
          uniq_harold, uniq_sonja
Lair:3:   layout_cave_pods, grunt_megastairs_3
Lair:4:   layout_hall_layers, spider_nest_entry_funnel_web,
          kennysheep_basilisk_garden, grunt_megastairs_2, uniq_nergalle,
          uniq_rupert
Lair:5:   layout_small_grid, beast_lair_carwin_7, minmay_lair_oklob_chamber
Lair:6:   cheibrodos_lair_end_hotspot, layout_regular_city,
          dpeg_slime_entry_enclosed_altar, nicolae_lair_grove_arrangements
Spider:1: layout_spider_delve, uniq_kirke, uniq_roxanne

Skill      XL: |  1  2  3  4  5  6  7  8  9 10 11 12 13 14 15 |
---------------+----------------------------------------------+-----
Fire Magic     | 4 5 6 7 8 10 11 12 13 | 13.8
Spellcasting   | 4 5 6 7 8 9 10 12 13 14 15 16 17 | 17.8
Conjurations   | 2 3 4 6 7 8 10 11 12 13 | 13.3
Stealth        | 3 4 |  4.7
Dodging        | 3 4 5 6 |  6.1
Evocations     | 1 |  1.7
Fighting       | 1 2 |  2.7
Shields        | 4 |  4.0
Armour         | 1 2 3 4 |  4.1
Transmutations | 3 5 7 9 11 | 11.2
Earth Magic    | 3 6 7 9 11 | 11.1
Ice Magic      | 1 |  1.5
Air Magic      | 1 |  1.3
Maces & Flails | |  0.1
Translocations | |  0.1

Action                   |  1- 3 |  4- 6 |  7- 9 | 10-12 | 13-15 || total
-------------------------+-------+-------+-------+-------+-------++-------
Melee: Dagger            |       |    13 |       |       |       ||    13
       Whip              |       |       |     2 |    15 |    21 ||    38
 Cast: Foxfire           |    85 |   113 |   203 |   261 |    65 ||   727
       Conjure Flame     |       |     3 |     7 |     7 |       ||    17
       Sticky Flame      |       |     4 |    27 |    82 |    84 ||   197
       Fireball          |       |       |       |   163 |   258 ||   421
       Teleport Other    |       |       |       |     1 |       ||     1
       Iron Shot         |       |       |       |       |    86 ||    86
       Hailstorm         |       |       |       |       |     4 ||     4
       Freeze            |       |       |       |       |     2 ||     2
       Stone Arrow       |       |       |       |       |    23 ||    23
       Freezing Cloud    |       |       |       |       |    53 ||    53
       Orb of Destructio |       |       |       |       |     4 ||     4
       Blink             |       |       |       |       |     3 ||     3
       Statue Form       |       |       |       |       |     1 ||     1
Evoke: Wand              |       |       |     8 |       |       ||     8
  Use: Scroll            |     2 |       |     6 |    10 |    15 ||    33
       Potion            |       |     1 |     1 |     1 |     9 ||    12
 Stab: Sleeping          |       |     1 |       |       |       ||     1
Armor: Robe              |     4 |     6 |     1 |       |       ||    11
       Leather armour    |       |       |    13 |    13 |       ||    26
       Skin              |       |       |     2 |       |    16 ||    18
       Troll leather arm |       |       |       |    64 |   113 ||   177
Dodge: Dodged            |     7 |    26 |    46 |   137 |   164 ||   380
Block: Buckler           |       |       |       |    47 |    66 ||   113
